 Dungeon Crawl Stone Soup version 0.29.0-11-gd7f09526c8 (webtiles) character file.

Game seed: 2076308972762414298

18 mtoz the Trooper (level 2, 27/27 HPs)
             Began as a Minotaur Berserker on Sept 4, 2022.
             Was a Follower of Trog.
             Quit the game on level 1 of the Dungeon.
             The game lasted 00:00:51 (386 turns).

mtoz the Trooper (Minotaur Berserker)                Turns: 386, Time: 00:00:51

Health: 27/27      AC:  2    Str: 21    XL:     2   Next: 48%
Magic:  1/1        EV: 12    Int:  4    God:    Trog [*.....]
Gold:   51         SH:  0    Dex:  9    Spells: 1/1 levels left

rFire   . . .      SeeInvis .   a - +0 hand axe
rCold   . . .      Faith    .   (no shield)
rNeg    . . .      Spirit   .   b - +0 animal skin
rPois   .          Reflect  .   (helmet restricted)
rElec   .          Harm     .   (no cloak)
rCorr   .          Rampage  .   (no gloves)
Will    .....                   (no boots)
Stlth   +.........              (no amulet)
HPRegen 0.09/turn               (no ring)
MPRegen 0.07/turn               (no ring)

@: no status effects
A: horns 2, retaliatory headbutt
a: Renounce Religion, Berserk


You were on level 1 of the Dungeon.
You worshipped Trog.
Trog was aware of your devotion.
You visited 1 branch of the dungeon, and saw 1 of its levels.

You collected 51 gold pieces.

Inventory:

Hand Weapons
 a - a +0 hand axe (weapon)
Armour
 b - a +0 animal skin (worn)
Potions
 c - a potion of ambrosia {unknown}
 d - a potion of mutation {unknown}


   Skills:
 + Level 3.9 Fighting
 + Level 3.9 Axes
 + Level 2.8 Armour
 + Level 2.5 Dodging


You had one spell level left.
You didn't know any spells.
Your spell library was empty.

Dungeon Overview and Level Annotations

Branches:
Dungeon (1/15)

Altars:


Innate Abilities, Weirdness & Mutations

You have a pair of horns on your head.
You reflexively headbutt those who attack you in melee.


Message History

Trog accepts your kill.
No target in view!
A frilled lizard comes into view.
A frilled lizard is nearby!
You hit the frilled lizard.
You kill the frilled lizard!
Trog accepts your kill.
No target in view!
No target in view!
You see here a frilled lizard corpse.
A rat comes into view.
The helpless rat fails to defend itself.
You slash the rat!
You kill the rat!
Trog accepts your kill.
No target in view!
You see here a rat corpse.
You now have 34 gold pieces (gained 14).
A giant cockroach comes into view.
The giant cockroach misses you. You furiously retaliate!
You headbutt the giant cockroach. You hit the giant cockroach.
You kill the giant cockroach!
Trog accepts your kill.
No target in view!
You now have 51 gold pieces (gained 17).
A frilled lizard comes into view.
The frilled lizard closely misses you.
You hit the frilled lizard.
You kill the frilled lizard!
Trog accepts your kill.
No target in view!
No target in view!
You see here a rat corpse.
You enter the shallow water.
Moving in this stuff is going to be slow.
You enter the shallow water.
Moving in this stuff is going to be slow.
d - a golden potion Are you sure you want to abandon this character and quit the game? (Confirm with "yes".)

~~~~~~~~..~~~~~~~~.†....#
~..8..8....8..8..~#####.#
~.######''######.~# #.#
~8#~~~~~..~~~~~#8~# #.#
~.#~..........~#.~#
#.#####
~.#~.########.~#.≈#
#.....#
~.#~..........~#.~#
#####.#
~.#~~~~~..~~~~~#.~# ##.##
~.######''######@~#
####...####
~.#............#.~#
#....#.....
~.#≈≈§≈≈..§≈≈§≈#.~#
#.##...###.
~.#≈§≈≈≈..≈§≈≈§#.~#
#.###.## #.
~.#§......§....#.~# #.#
#.# #. .######''######.~#
#.###.# #.
8#......<.....#8~#
#.....# #.
##############.~# #..####
#. #..# #.


There were no monsters in sight!

Vanquished Creatures
  A bat (D:1)
  An endoplasm (D:1)
  A giant cockroach (D:1)
  2 goblins (D:1)
  A hobgoblin (D:1)
  4 jackals (D:1)
  2 frilled lizards (D:1)
  A kobold (D:1)
  3 rats (D:1)
16 creatures vanquished.

Notes
Turn   | Place    | Note
-------+----------+-------------------------------------------
     0 | D:1      | mtoz the Minotaur Berserker began the quest for the Orb.
     0 | D:1      | Reached XP level 1. HP: 19/19 MP: 0/0
   108 | D:1      | Reached XP level 2. HP: 25/27 MP: 1/1
   386 | D:1      | Quit the game

Illustrated notes

Levels and vault maps discovered:
D:1:      lightli_arrival_isolated_outpost, layout_loops_ring

Action                   || total
-------------------------++-------
Melee: Hand axe          ||    20
       Headbutt          ||     4
       Punch             ||     1
 Stab: Sleeping          ||     1
Armor: Animal skin       ||     3
Dodge: Dodged            ||    16
